[Event "2017 South African Open Ch"]
[Site "Durban"]
[Date "2017.07.22"]
[Round "11"]
[White "Bhawoodien, Mohamed Ozayr"]
[Black "Mwale Joseph"]
[Result "1-0"]
[ECO "E40"]
[WhiteElo "2103"]
[BlackElo "2159"]
[Annotator "NA"]
[PlyCount "186"]
[EventDate "2017.??.??"]
[EventCountry "RSA"]
[SourceTitle "playchess.com"]
[Source "ChessBase"]
[SourceQuality "1"]
[TimeControl "5400+30"]

1. d4 Nf6 2. c4 e6 3. Nc3 Bb4 4. e3 d5 5. a3 Bxc3+ 6. bxc3 c5 7. cxd5 exd5 8. Bd3 O-O 9. Ne2 Nc6 10. O-O c4 11. Bc2 {[%emt 0:00:44] E49: Nimzo-Indian: Rubinstein: 5 Bd3 d5 6 a3 Bxc3+ 7 bxc3} b5 {[%emt 0:01:06] LiveBook: 4 Games} 12. Ng3 a5 13. e4 dxe4 $146 ({Predecessor:} 13... Bg4 14. f3 Be6 15. Bg5 h6 16. Bxf6 Qxf6 17. f4 dxe4 18. Nxe4 Qf5 {1-0 (36) Flores,D (2588)-Cunha,L (2327) Mar del Plata 2016}) 14. Nxe4 Bf5 (14... Nd5 $14) 15. Bg5 Bxe4 16. Bxe4 Rc8 17. Bxf6 Qxf6 18. Qh5 g6 19. Qxb5 h5 20. a4 h4 21. h3 Nd8 22. Bd5 Ne6 23. Bxe6 Qxe6 24. Rfe1 Qc6 25. Qxa5 Rb8 26. Rab1 Rxb1 27. Rxb1 Qe4 28. Qb4 Rd8 29. a5 Rd5 30. Qb7 Qf5 31. Ra1 $2 (31. a6 $18 {has better winning chances.} Ra5 32. Rf1) 31... Rxa5 32. Rxa5 Qxa5 33. Qc8+ Kg7 34. Qxc4 Qa1+ 35. Kh2 Qe1 36. Qc7 Qxf2 37. d5 Kh6 38. Qe5 ({Only move:} 38. c4 $18) 38... f6 $1 39. Qd6 Qe3 40. Qxf6 Qg3+ 41. Kg1 Qe1+ 42. Qf1 Qxc3 43. Qd1 Qc5+ 44. Kh1 Qd6 45. Qd4 g5 46. Kg1 $1 Kg6 47. Kf2 Kf5 48. Ke2 Kg6 49. Kd2 Kf5 50. Kc2 Kg6 51. Qe4+ Kf6 {[%emt 0:00:10] [#]} 52. Kb3 (52. Kd2 $1 $16) 52... Qb8+ $2 {[%emt 0:01:18] [#]} (52... Qa6 $11 {and Black has nothing to worry.}) 53. Qb4 $1 Qa8 54. Qd6+ Kg7 55. Qe7+ Kg6 56. Qe6+ Kg7 57. Qd7+ Kg8 58. Qc6 Qb8+ 59. Kc2 Qg3 60. d6 Qf2+ 61. Kb3 Qe3+ 62. Kb4 Qd2+ 63. Kb5 Qb2+ 64. Ka6 Qa3+ 65. Kb7 Qb3+ 66. Kc7 Qg3 67. Kc8 Qe5 68. d7 Qf5 69. Kb7 Qf7 70. Kc8 Qf5 71. Kb8 Qe5+ 72. Qc7 Qb5+ 73. Kc8 (73. Ka8 Qa4+ 74. Qa7 Qe4+ 75. Qb7 Qa4+ 76. Kb8 Qa5 77. Qc8+ Kf7) 73... Qa6+ 74. Qb7 Qe6 75. Kc7 Qe5+ $1 76. Kb6 Qd4+ 77. Ka5 (77. Kc7 Qf4+ 78. Kc8 $18) 77... Qa1+ 78. Kb5 Qe5+ 79. Kc4 Qe2+ 80. Kd4 Qd2+ 81. Ke5 Qf4+ 82. Ke6 Qf7+ 83. Kd6 Qf6+ 84. Kc7 Qe5+ 85. Kc8 Qc5+ $2 (85... Qf5 $18) 86. Qc7 Qf5 87. Qc4+ Kf8 88. Qb4+ Kg8 89. Qb3+ Kg7 90. Qc3+ Kg8 91. Kc7 Qf7 92. Qd4 Kh7 93. Qe4+ Kg7 $18 (93... Kh6) 1-0

[Event "2017 South African Open Ch"]
[Site "Durban"]
[Date "2017.07.22"]
[Round "11"]
[White "Bhawoodien, Shabir Hussain"]
[Black "Rooplal, Desmond"]
[Result "1-0"]
[ECO "C47"]
[WhiteElo "2066"]
[BlackElo "1686"]
[Annotator "NA RC"]
[PlyCount "103"]
[EventDate "2017.??.??"]
[EventCountry "RSA"]
[SourceTitle "playchess.com"]
[Source "ChessBase"]
[SourceQuality "1"]
[TimeControl "5400+30"]

1. e4 e5 2. Nf3 Nf6 3. Nc3 Nc6 4. a3 Be7 {[%emt 0:01:09] LiveBook: 73 Games} 5. d4 exd4 {[%emt 0:01:34] C47: Scotch Four Knights and Four Knights with 4 g3} 6. Nxd4 Nxd4 (6... d6 7. Bb5 Bd7 8. Nxc6 bxc6 9. Bd3 O-O 10. O-O c5 11. h3 Bc6 12. Bf4 Nd7 13. Re1 Bf6 14. Rb1 Rb8 15. Qd2 {½-½ (39) Motylev,A (2686)-Dubov,D (2614) Moscow 2014}) 7. Qxd4 d6 8. Be2 O-O 9. O-O Bg4 10. Bd3 $146 ({Predecessor:} 10. Bxg4 Nxg4 11. Bd2 c5 12. Qd3 Qc7 {1-0 (24) Dymak,P-Zemen,J Svetla nad Sazavou 1997}) 10... Nd7 11. h3 (11. Nd5 $14) 11... Be6 12. Bd2 Bf6 13. Qe3 Ne5 14. f4 Nc4 15. Bxc4 $1 Bxc4 16. Rfd1 Re8 17. Qf3 Qe7 (17... c6 $5 ) 18. Re1 Bd4+ 19. Kh1 c6 20. Rad1 Rad8 21. b3 Ba6 22. Nb1 Qh4 23. Ba5 Bf2 24. Bxd8 Rxd8 25. Re3 Bxe3 26. Qxe3 h6 27. Nd2 b6 28. Kh2 Qe7 29. Nf3 Re8 30. Qd2 Qxe4 $2 (30... c5 $11 {and Black has nothing to worry.}) 31. Re1 Be2 32. Ng1 Re6 33. Rxe2 Qf5 34. Rxe6 Qxe6 35. Nf3 c5 36. c4 a6 37. Kg3 b5 38. Qd3 bxc4 39. Qxc4 d5 40. Qxc5 Qg6+ 41. Kh2 Qe4 42. Qd4 Qe6 43. b4 Qd6 $18 44. Kg1 f6 45. a4 Qd7 46. a5 Qb5 47. Kf2 Kh8 48. Ne1 Qa4 49. Nd3 Qc2+ 50. Kg3 Qb3 51. Kh2 Qa2 52. Nc5 1-0

[Event "2017 South African Open Ch"]
[Site "Durban"]
[Date "2017.07.22"]
[Round "11"]
[White "Oberholzer, Francois"]
[Black "Mazibuko, Khanya"]
[Result "1-0"]
[ECO "B22"]
[WhiteElo "2046"]
[BlackElo "1808"]
[Annotator "NA RC"]
[PlyCount "93"]
[EventDate "2017.??.??"]
[EventCountry "RSA"]
[SourceTitle "playchess.com"]
[Source "ChessBase"]
[SourceQuality "1"]
[TimeControl "5400+30"]

1. e4 c5 2. c3 e6 3. d4 cxd4 4. cxd4 d5 5. e5 Nc6 6. Nf3 Nh6 7. Bd3 (7. Bxh6 $5 gxh6 8. Bb5 $11) 7... Nf5 $1 {[%emt 0:10:14] LiveBook: 229 Games} 8. Bxf5 exf5 9. Nc3 {[%emt 0:00:47] C02: French: Advance Variation} a6 10. O-O Be7 11. Bd2 $146 ({Predecessor:} 11. Ne2 g5 12. Qb3 f4 13. Rd1 Be6 14. Bd2 {0-1 (40) Yankovsky,R (2455)-Aldama Degurnay,D (2440) Monterey Park 2013}) 11... O-O 12. Rc1 Na5 13. Na4 Nc4 14. Bc3 Bd7 15. Nc5 b6 16. Nd3 Rc8 17. Nb4 (17. b3 $16) 17... Nxb2 18. Qb3 Na4 19. Nxd5 Nxc3 20. Rxc3 Rxc3 21. Qxc3 Bb5 22. Nxe7+ Qxe7 23. Rd1 Be2 24. Re1 Bxf3 25. Qxf3 Qb4 26. Rd1 Rd8 27. h3 g6 28. d5 $1 Qb2 {[%emt 0:00:31] [#]} 29. Qe3 $1 Qxa2 $2 (29... Qc2 $16 30. Rc1 Qe4) 30. d6 (30. e6 $142 Re8 31. e7 (31. Qxb6 Qe2 $16)) 30... b5 {[%emt 0:02:10] [#]} 31. Qb6 $2 (31. Qg5 $1 $18 {[%cal Rg5d8] is the precise move to win.} Rd7 32. Rc1) 31... Rd7 32. Qc6 Qe6 33. Qxa6 b4 34. Qb5 b3 35. Rd3 f4 36. Rxb3 f6 {[%emt 0:00:46] [#]} (36... Rd8 $142 37. Qa5 Rd7 38. Rb8+ Kg7) 37. Rc3 $1 fxe5 38. Rc7 Rd8 39. d7 Kf7 40. Qc5 Rxd7 41. Rc8 Qd6 42. Qc4+ Qd5 43. Qb4 Qd6 44. Qc4+ Kg7 45. Qg8+ Kh6 46. Re8 Re7 $2 (46... Qc5 $11) 47. Qf8+ $18 1-0

[Event "2017 South African Open Ch"]
[Site "Durban"]
[Date "2017.07.22"]
[Round "11"]
[White "Tlale, Tshepang"]
[Black "Govindasamy, Nashlen"]
[Result "1/2-1/2"]
[ECO "B40"]
[WhiteElo "1927"]
[BlackElo "2087"]
[Annotator "NA RC"]
[PlyCount "143"]
[EventDate "2017.??.??"]
[EventCountry "RSA"]
[SourceTitle "playchess.com"]
[Source "ChessBase"]
[SourceQuality "1"]
[TimeControl "5400+30"]

1. e4 c5 2. Nf3 e6 3. c4 Nc6 4. d4 cxd4 5. Nxd4 Nf6 6. Nc3 Bb4 7. Nxc6 bxc6 8. Bd3 e5 {[%emt 0:00:14] LiveBook: 160 Games} 9. Bd2 O-O {[%emt 0:02:35] B44: Sicilian: Taimanov: 5 Nb5} 10. O-O Bc5 (10... d6 11. Kh1 Bc5 12. Bg5 h6 13. Bh4 g5 14. Bg3 Rb8 15. b3 h5 16. Qd2 Nd7 17. h3 h4 18. Bh2 Bd4 19. Rac1 Nc5 20. Bb1 {1-0 (76) Georgiev,K (2651)-Zhang,P (2567) Dos Hermanas 2004}) 11. h3 d6 12. Qf3 Ne8 $146 (12... Bxh3 $2 ) (12... Be6 $11) ({Predecessor:} 12... Rb8 13. Rab1 Be6 14. Be2 d5 15. Qg3 Nxe4 16. Nxe4 dxe4 17. Rbd1 {0-1 (30) Hutton,A (1197)-Power,M (1840) IECC email 1999}) 13. Ne2 a5 14. Rab1 Nc7 15. Be3 Ne6 16. Bxc5 Nxc5 17. Rfd1 f5 18. Bc2 fxe4 19. Qe3 Be6 20. b3 Qe7 21. Nc3 Rf4 22. Bxe4 Raf8 (22... Nxe4 $11 {remains equal.} 23. Nxe4 Bf5) 23. Rb2 Nxe4 24. Nxe4 d5 25. Nc5 Bf7 26. cxd5 Bxd5 27. Re1 R4f5 (27... R8f5 $11) 28. Ne4 Qh4 29. Ng3 Rg5 30. Qc3 Qf4 31. Qe3 Qh4 32. Qc3 Qd4 33. Rc2 h5 34. Qe3 Qf4 35. Qxf4 exf4 36. Ne4 Re5 37. f3 Rfe8 38. Rce2 Bxe4 39. Rxe4 Rxe4 40. fxe4 Kf7 41. Kf2 Rd8 42. h4 Ke6 43. Rc1 Ke5 44. Rxc6 Kxe4 45. Rc4+ Kf5 46. Ra4 $11 Rd2+ 47. Kf3 Rd3+ 48. Kf2 Kg4 49. Rxa5 Kxh4 50. Re5 Kg4 51. Re2 Kf5 52. b4 Rd4 53. Rb2 Ke6 54. b5 Kd7 55. b6 Kc8 56. a3 Ra4 57. Rb3 Kb7 58. Kf3 g5 59. Kf2 Ra5 60. Kf3 Ra6 61. Ke4 Rxb6 62. Rd3 Rb2 63. Kf3 Kc6 64. g3 fxg3 65. Kxg3 Kc5 66. Rf3 Kc4 67. a4 h4+ 68. Kh3 Kb4 69. Rf5 Rb3+ 70. Kh2 Rg3 71. a5 Ra3 72. Rxg5 1/2-1/2

[Event "2017 South African Open Ch"]
[Site "Durban"]
[Date "2017.07.22"]
[Round "11"]
[White "Wilken, Justin Barend"]
[Black "Abrantes, Persson"]
[Result "1-0"]
[ECO "B06"]
[WhiteElo "1920"]
[BlackElo "2003"]
[Annotator "NA RC"]
[PlyCount "179"]
[EventDate "2017.??.??"]
[EventCountry "RSA"]
[SourceTitle "playchess.com"]
[Source "ChessBase"]
[SourceQuality "1"]
[TimeControl "5400+30"]

1. e4 d6 2. d4 g6 3. Nc3 Bg7 4. Be3 Nf6 5. h3 O-O 6. Nf3 e5 7. dxe5 dxe5 8. Bc5 {[%emt 0:00:10] B08: Pirc Defence: Classical System} (8. Qxd8 Rxd8 9. Bc4 Nc6 10. Ng5 Rd7 11. Rd1 Nd4 12. O-O h6 13. Nxf7 Rxf7 14. Bxd4 exd4 15. Rxd4 Nd7 16. Rdd1 Nb6 {1-0 (33) Kamsky,G (2702)-Mamedov,R (2639) Baku 2010}) 8... Qxd1+ 9. Rxd1 Re8 10. Bc4 h6 11. O-O b6 $146 ({Predecessor:} 11... Nbd7 12. Be3 c6 13. a4 Bf8 14. Nh4 Kg7 15. f4 Nb6 {0-1 (34) Siemers,J (2235)-Rostalski,W (2275) Bargteheide 1989}) 12. Ba3 Bb7 13. Nd5 (13. Nb5 $5 Nbd7 14. Rd2 $14 (14. Nxc7 Rec8 $14)) 13... Nxd5 14. Bxd5 c6 15. Bb3 c5 16. Rfe1 Nc6 17. c3 Rad8 18. Bd5 Na5 19. Bxb7 Nxb7 20. b3 b5 21. Kf1 a5 22. Ke2 b4 23. Bb2 Nd6 24. Kf1 Nb5 25. cxb4 axb4 26. Rxd8 Rxd8 27. Rc1 Rc8 28. Nxe5 Ra8 29. Rxc5 Rxa2 30. Rxb5 Rxb2 31. Rb8+ Kh7 32. Nc6 Rxb3 (32... Rb1+ $1 $11 33. Ke2 Rb2+ 34. Kf3 Rxb3+ 35. Ke2 Rb2+ 36. Ke3 Rb3+ 37. Kf4 Rb2) 33. Rxb4 Rc3 34. Nd8 ({White should play} 34. Ne7 $14) 34... Rd3 35. Rb8 Rd7 36. Nc6 Rc7 37. Rb6 Bf8 38. Ke2 Bc5 39. Ra6 Rb7 40. Ra2 $1 Rb6 41. Ne5 Re6 42. Nxf7 Rxe4+ 43. Kf1 Re7 44. Nd8 Bb4 45. g3 Rd7 46. Nc6 Bc5 47. Ne5 Rd1+ 48. Kg2 g5 49. g4 Rd5 50. Nf3 Bb6 51. Rb2 Bc5 52. Rd2 Rd6 53. Rxd6 Bxd6 54. Nd4 Kg6 55. Kf3 Bf4 $2 {[%emt 0:01:16] [#]} ({Black should try} 55... Bc7 $14) 56. Ke4 $2 (56. h4 $1 $18 ) 56... Bc1 57. Ne2 Bb2 58. Ng3 Ba1 59. Kd5 Bb2 60. f3 Ba1 61. Ke6 Bb2 62. Nf5 Ba3 63. Ne7+ Kg7 64. Nc6 Bb2 65. Kf5 Bc3 66. Nd8 Bd2 67. Ne6+ Kf7 68. f4 gxf4 69. Nxf4 Bc1 70. h4 Bd2 71. Nd3 $16 Be3 72. Ne5+ Kg7 73. h5 Bc1 74. Ke6 Bb2 75. Nc6 Bc1 76. Ne7 Bd2 77. Nf5+ Kh7 78. Kf7 Bc1 79. Ne7 Ba3 80. Ng8 Bc1 81. Nf6+ Kh8 82. Kg6 Bd2 83. Ne8 Bf4 84. Ng7 Bc1 85. Nf5 Bd2 86. Nxh6 Bc1 87. Nf7+ Kg8 88. h6 Bb2 89. h7+ Kf8 90. h8=Q+ 1-0

[Event "2017 South African Open Ch"]
[Site "Durban"]
[Date "2017.07.22"]
[Round "11"]
[White "Pesa, Mofoka A"]
[Black "Salimu, Reuben"]
[Result "1-0"]
[ECO "C65"]
[WhiteElo "1799"]
[BlackElo "1968"]
[Annotator "NA RC"]
[PlyCount "145"]
[EventDate "2017.??.??"]
[EventCountry "RSA"]
[SourceTitle "playchess.com"]
[Source "ChessBase"]
[SourceQuality "1"]
[TimeControl "5400+30"]

1. e4 e5 2. Nf3 Nc6 3. Bb5 Nf6 4. d3 Bc5 5. O-O d6 6. h3 O-O 7. c3 a6 {[%emt 0:05:14] C65: Ruy Lopez: Berlin Defence (3...Nf6), unusual lines and 4 0-0 Bc5} 8. Ba4 Ba7 9. Re1 Ne7 10. Nbd2 Ng6 11. Nf1 Nh5 {[%emt 0:01:31] LiveBook: 14 Games} (11... c6 12. Ng3 {½-½ (12) Grischuk,A (2750)-Tomashevsky,E (2696) Moscow 2017}) 12. d4 Qe7 (12... Nhf4 $11) 13. Bc2 $146 (13. Bg5 $5 f6 14. Be3 $14) ({Predecessor:} 13. Be3 Ngf4 14. Ng3 Nxg3 15. fxg3 {1-0 (27) Alekseev,E (2642)-Iljiushenok,I (2491) St Petersburg 2015}) 13... Nhf4 14. Ng3 Qf6 15. Nf5 h6 16. Kh2 Re8 17. Be3 c6 18. Qd2 Bb8 19. g3 Ne6 20. dxe5 dxe5 21. Rad1 Nef8 22. Kg2 Bc7 23. h4 Be6 {[%emt 0:14:44] [#]} (23... Bxf5 $11 24. exf5 e4) 24. h5 ({White should play} 24. Bc5 $1 $16) 24... Rad8 25. Qc1 Ne7 26. g4 Rxd1 27. Rxd1 Nxf5 28. gxf5 Bc8 29. Rg1 Nd7 30. Kh1 Kf8 31. c4 Bb6 32. Rd1 Bxe3 33. Qxe3 Qe7 34. Nh2 Nf6 35. Qe2 (35. c5 $15) 35... Rd8 36. a3 Rxd1+ 37. Qxd1 Qd7 38. Qxd7 $1 Nxd7 39. Ng4 f6 40. Kg2 Ke7 41. Kf3 Kd6 42. b4 c5 43. Ne3 Nb6 44. Bb3 (44. Bd1 $15) 44... Bd7 45. Kg4 Be8 46. Bd1 Bf7 47. Bb3 Kc6 48. b5+ Kd6 49. a4 {[%emt 0:00:59] [#]} axb5 (49... Nc8 $1 $17) 50. axb5 Kc7 51. Nd5+ $1 Bxd5 52. exd5 Nc8 53. f4 e4 54. Kg3 (54. Bd1 $142 Nd6 55. Be2) 54... Nd6 55. Kf2 Nxf5 56. Bc2 Nd6 57. f5 $19 Nxc4 58. Bxe4 Kd6 59. Ke2 Nb6 60. Kd3 Ke5 61. d6 c4+ 62. Ke3 Kxd6 63. Kd4 c3 64. Kxc3 Kc5 65. Bxb7 Kxb5 66. Kd4 Nc4 67. Ba6+ Kxa6 68. Kxc4 Kb6 69. Kd5 Kc7 70. Ke6 Kd8 71. Kf7 Kd7 72. Kxg7 Ke7 73. Kg6 1-0